 Dungeon Crawl Stone Soup version 0.23-a0-767-gdc19b93d68 (webtiles) character file.

320 Oravi the Vandal (level 6, -11/43 HPs)
             Began as a Formicid Arcane Marksman on Jan 24, 2019.
             Mangled by a gnoll
             ... wielding a +1 halberd of chopping
              (14 damage)
             ... on level 4 of the Dungeon.
             The game lasted 00:15:11 (3819 turns).

Oravi the Vandal (Formicid Arcane Marksman)         Turns: 3819, Time: 00:15:11

Health: -11/43     AC:  5    Str: 15    XL:     6   Next: 75%
Magic:  7/10       EV: 11    Int: 14    God:
Gold:   252        SH:  0    Dex: 11    Spells: 1/11 levels left

rFire    + . .     SeeInvis +   a - +0 hunting sling
rCold    . . .     Gourm    .   (no shield)
rNeg     . . .     Faith    .   q - +0 ring mail
rPois    +         Spirit   .   (helmet unavailable)
rElec    .         Reflect  .   (no cloak)
rCorr    .         Harm     .   (no gloves)
MR       .....                  (no boots)
Stlth    +.........             (no amulet)
HPRegen  0.14/turn              u - ring of poison resistance
MPRegen  0.12/turn              t - ring of protection from fire

@: no status effects
A: permanent stasis, dig shafts and tunnels, four strong arms, antennae 3
a: Dig, Shaft Self


You were on level 4 of the Dungeon.
You were hungry.

You visited 1 branch of the dungeon, and saw 4 of its levels.

You collected 252 gold pieces.

Inventory:

Hand Weapons
 a - a +0 hunting sling (weapon)
 h - a +0 whip
 l - a +0 dagger
Missiles
 b - 115 stones (quivered)
 m - 17 poisoned needles
 s - 40 arrows
Armour
 e - a +0 robe
 q - a +0 ring mail (worn)
Jewellery
 t - a ring of protection from fire (right hand)
 u - a ring of poison resistance (left hand)
Scrolls
 n - a scroll of magic mapping {unknown}
 o - a scroll of noise {unknown}
 r - 2 scrolls of identify {@r1}
Potions
 c - 2 potions of lignification
 g - 2 potions of might
 i - a potion of resistance {unknown}
 j - a potion of invisibility {unknown}
 k - 2 potions of cancellation {unknown}
 p - a potion of agility {unknown}
 w - a potion of mutation {unknown}
Comestibles
 f - 6 rations
 v - 3 chunks of flesh


   Skills:
 - Level 1.1 Fighting
 * Level 5.3 Slings
 - Level 1.7 Dodging
 + Level 3.1 Spellcasting
 + Level 5.2 Hexes


You had one spell level left.
You knew the following spells:

 Your Spells              Type           Power        Failure   Level  Hunger
a - Corona                Hex            ###....      4%          1    #......
b - Slow                  Hex            ###.....     8%          2    ##.....
c - Portal Projectile     Hex/Tloc       #.....       38%         3    ###....
d - Cause Fear            Hex            ###.......   43%         4    #####..

Your spell library contained the following spells:

 Spells                   Type           Power        Failure   Level  Hunger
 Inner Flame              Hex/Fire       #.......     38%         3    ###....
 Leda's Liquefaction      Hex/Erth       #.........   80%         4    #####..


Dungeon Overview and Level Annotations

Branches:
Dungeon (4/15)
 Temple: D:4-7

Altars:
Vehumet

Annotations:
D:3 1 runed door, Pr0man's ghost, amateur NaFE


Innate Abilities, Weirdness & Mutations

You cannot be hasted, slowed, berserked, paralysed or teleported.
You can dig through walls and to a lower floor.
Your four strong arms can wield two-handed weapons with a shield.
You have a pair of large antennae on your head. (SInv)


Message History

The frilled lizard hisses angrily.
The sling bullet hits the gnoll shaman.
The gnoll shaman is almost dead.
You hear a shout!
The gnoll hits you from afar with a +1 halberd of chopping!
* * * LOW HITPOINT WARNING * * *
x2 The gnoll shaman hits you with a +0 whip.
* * * LOW HITPOINT WARNING * * *
The gnoll shaman calls upon its god to speed up something.
Firing (i - inventory)
b - 116 stones (quivered)
Aim: a gnoll shaman, wielding a +0 whip and wearing a +0 leather armour (almost dead, slow)
You shoot a stone. The stone hits the gnoll shaman.
You kill the gnoll shaman!
The gnoll closely misses you.
The gnoll hits you from afar with a +1 halberd of chopping.
* * * LOW HITPOINT WARNING * * *
x2 Are you sure you want to shaft yourself?
You are feeling hungry.
The gnoll hits you from afar with a +1 halberd of chopping!
You die...

#....###.#.###.######.#.......
#..........#........#.########
#.....##.#######..#.#.# #
#.....##............#.# #
#.....#######.##.##.#.# #
#.........######....#.# ##
#....#....g{g.#######.#######<
#....#.##{###.# #.#......[
#....#.##(# #@# #.#.######
######.##)# #.#######.#......#
#.##(# #.....รท[..#.#....#
#.##.# ###########.#....#
#.#.l# #<#..[.. #.#.##
#.###... #.#. ## #....... #.#{
{ ...####......# ...
###..........#


You could see a gnoll.

Vanquished Creatures
  A gnoll shaman (D:4)
  A hound (D:4)
  A bullfrog skeleton (D:4)
  Natasha (thrice) (D:2)
  A worker ant (D:4)
  2 gnolls (D:4)
  6 adders
  A worm (D:4)
  2 leopard geckos (D:1)
  4 orcs
  A giant cockroach (D:1)
  8 goblins
  8 hobgoblins
  2 jackals (D:3)
  2 ball pythons
  4 bats
  6 frilled lizards
  8 kobolds
  A leopard gecko skeleton (D:4)
  8 rats
70 creatures vanquished.

Vanquished Creatures (others)
  5 toadstools (D:1)
5 creatures vanquished.

Grand Total: 75 creatures vanquished

Notes
Turn   | Place    | Note
-------+----------+-------------------------------------------
     0 | D:1      | Oravi the Formicid Arcane Marksman began the quest for the
                  | Orb.
     0 | D:1      | Reached XP level 1. HP: 15/15 MP: 2/2
   184 | D:1      | Reached XP level 2. HP: 21/21 MP: 3/3
   188 | D:1      | Learned a level 2 spell: Slow
   551 | D:1      | Reached XP level 3. HP: 26/26 MP: 3/5
  1210 | D:2      | Noticed Natasha
  1214 | D:2      | Killed Natasha
  1214 | D:2      | Reached XP level 4. HP: 27/32 MP: 4/7
  1884 | D:2      | Learned a level 3 spell: Portal Projectile
  1934 | D:2      | Noticed Natasha
  1939 | D:2      | Killed Natasha
  1939 | D:2      | Reached XP level 5. HP: 37/37 MP: 5/8
  2208 | D:2      | Noticed Natasha
  2217 | D:2      | Killed Natasha
  2290 | D:3      | Found a runed door.
  2292 | D:3      | Noticed Pr0man's ghost (amateur NaFE)
  2317 | D:3      | Found a radiant altar of Vehumet.
  3125 | D:4      | Reached XP level 6. HP: 30/43 MP: 8/10
  3372 | D:4      | Reached skill level 5 in Hexes
  3421 | D:4      | Reached skill level 5 in Slings
  3587 | D:4      | Learned a level 4 spell: Cause Fear
  3819 | D:4      | Mangled by a gnoll

Vault maps used:
D:1:      ldierk_walled_garden
D:2:      serial_forest, infiniplex_forest_clump_curved,
          infiniplex_forest_zigzag_2, infiniplex_forest_lined_3,
          infiniplex_forest_end_3, first_ration, hangedman_decor_push,
          uniq_natasha
D:3:      vehumet_crystals, ebering_ghost_sewer_d, kennysheep_boxes

Skill      XL: |  1  2  3  4  5  6 |
---------------+-------------------+-----
Slings         | 3 4 5 |  5.3
Hexes          | 4 5 |  5.2
Spellcasting   | 2 3 |  3.1
Fighting       | |  1.1
Dodging        | |  1.7

Action                   |  1- 3 |  4- 6 || total
-------------------------+-------+-------++-------
 Fire: Hunting sling     |    86 |   179 ||   265
 Cast: Corona            |    23 |    46 ||    69
       Slow              |       |     1 ||     1
 Abil: Dig               |       |     1 ||     1
       Shaft Self        |       |     1 ||     1
  Use: Scroll            |     4 |     1 ||     5
  Eat: Chunk             |     1 |     9 ||    10
Armor: Robe              |     3 |     1 ||     4
       Ring mail         |       |    26 ||    26
Dodge: Dodged            |    10 |    62 ||    72

Table legend:
 A = Non-vault XP
 B = Vault XP
 C = Vault XP percentage of total XP
 D = Non-vault monster count
 E = Vault monster count
 F = Vault count percentage of total count
                 A         B        C        D         E       F
            +---------+---------+-------+---------+---------+-------
      Total |     425 |      33 |   7.2 |      69 |       1 |   1.4
            +---------+---------+-------+---------+---------+-------
        D:1 |      43 |       0 |   0.0 |      28 |       0 |   0.0
        D:2 |     132 |      33 |  20.0 |      18 |       1 |   5.3
        D:3 |      33 |       0 |   0.0 |      11 |       0 |   0.0
        D:4 |     217 |       0 |   0.0 |      12 |       0 |   0.0
            +---------+---------+-------+---------+---------+-------
